 Dungeon Crawl Stone Soup version 0.17-a0-1685-g57e755e (webtiles) character file.

1234 Liatris the Ducker (level 8, -1/61 HPs)
             Began as a Demonspawn Gladiator on Aug 19, 2015.
             Succumbed to a killer bee's poison
             ... on level 7 of the Dungeon.
             The game lasted 00:29:59 (4693 turns).

Liatris the Ducker (Demonspawn Gladiator)           Turns: 4693, Time: 00:29:59

Health: -1/61      AC: 12    Str: 17    XL:     8   Next: 24%
Magic:  2/8        EV: 12    Int:  9    God:
Gold:   211        SH:  0    Dex: 15    Spells: 0 memorised, 7 levels left

rFire  x . .     SeeInvis .     a - +1 war axe
rCold  + + .     Clarity  .     h - +0 ice dragon armour
rNeg   . . .     SustAt   .     (no shield)
rPois  .         Gourm    .     (helmet restricted)
rElec  .         Spirit   +     (no cloak)
rCorr  .         Warding  .     (no gloves)
rMut   .         Stasis   .     g - +0 pair of boots
MR     .....                    v - amulet of regeneration
Stlth  ..........               (no ring)
                                (no ring)

@: lethally poisoned (-1 -> -12), very slightly contaminated, not resistant to
hostile enchantments, extremely unstealthy
A: antennae 2, claws 1, hooves 2, magic shield, magic regeneration
a: no special abilities


You were on level 7 of the Dungeon.
You were not hungry.

You visited 1 branch of the dungeon, and saw 5 of its levels.
You also visited: Sewer.

You collected 211 gold pieces.

Inventory:

Hand weapons
 a - a +1 war axe (weapon)
 k - a cursed -3 flail
Missiles
 d - 3 throwing nets (quivered)
Armour
 b - a +0 leather armour
 g - a +0 pair of boots (worn)
 h - a +0 ice dragon armour (worn)
 m - a +1 helmet of see invisible
Jewellery
 o - an uncursed amulet of stasis
 v - an amulet of regeneration (around neck)
Magical devices
 c - a wand of digging (17)
Scrolls
 e - 2 scrolls of identify
 f - 2 scrolls of blinking
 j - 3 scrolls of teleportation
 l - 2 scrolls of recharging
 n - a scroll of enchant armour {unknown}
 p - 2 scrolls of magic mapping
 q - 3 scrolls of fog {unknown}
 r - 2 scrolls of fear
 t - a scroll of remove curse
 u - a scroll of enchant weapon
Potions
 s - a potion of might
Comestibles
 i - a bread ration


   Skills:
 + Level 4.6 Fighting
 + Level 4.9 Axes
 + Level 1.9 Throwing
 + Level 5.0 Armour
 + Level 5.2 Dodging
 + Level 0.6 Stealth


You had 7 spell levels left.
You didn't know any spells.

Dungeon Overview and Level Annotations

Branches:
Dungeon (7/15)             Temple (0/1) D:6

Altars:
Dithmenos

Shops:
D:6 }[


Innate Abilities, Weirdness & Mutations

You have a pair of antennae on your head.
You have sharp fingernails.
You have hoof-like feet.
When hurt, damage is shared between your health and your magic reserves.
You regenerate magic rapidly.


Message History

Your surroundings suddenly seem different.
You enter a teleport trap!
The teleport trap disappears.
Your surroundings seem slightly different.
* * * LOW HITPOINT WARNING * * *
You feel very sick.
A crimson imp comes into view.
The crimson imp shouts!
Drink which item? (? for menu, Esc to quit)
Okay, then.
Read which item? (? for menu, Esc to quit)
As you read the scroll labeled HEIRUMMOTH, it crumbles to dust.
You feel blessed for a moment.
It was a scroll of remove curse.
* * * LOW HITPOINT WARNING * * *
You feel sick.
Read which item? (? for menu, Esc to quit)
As you read the scroll labeled QENYIC GUBRUJ, it crumbles to dust.
It is a scroll of enchant weapon.
Enchant which weapon? (? for menu, Esc to quit)
Your +0 war axe glows red for a moment.
You die...

.. .....................#
..........>.......#####.#
#.................# ..# #
...............## #### #
#...............#
#####...........#
...............#
.....##.........# .....
#......@..# ....
#<......5.# ...
#......##.# ... #......#
.# #.......# # #........#
#........# #........#
#...######


You could see a crimson imp.

Vanquished Creatures
  A komodo dragon (D:6)
  An ice beast (D:7)
  A phantom (D:6)
  An ogre (D:7)
  A centaur (D:6)
  4 giant frogs (D:6)
  A scorpion (D:6)
  A crimson imp (D:6)
  A jelly (D:6)
  An orc priest (D:7)
  3 orc wizards
  A hound (D:6)
  A worker ant (D:6)
  2 adders
  2 river rats (Sewer)
  A shadow imp (D:3)
  2 giant geckos
  7 orcs
  5 ball pythons
  2 goblins (D:3)
  11 hobgoblins
  8 jackals
  6 kobolds
  2 quokkas
  5 bats
  6 giant cockroaches
  9 giant newts
  26 rats
112 creatures vanquished.

Notes
Turn   | Place    | Note
--------------------------------------------------------------
     0 | D:1      | Liatris the Demonspawn Gladiator began the quest for the Orb.
     0 | D:1      | Reached XP level 1. HP: 16/16 MP: 1/1
   260 | D:1      | Gained mutation: You have a pair of small antennae on your head. [demonic ancestry]
   260 | D:1      | Reached XP level 2. HP: 13/22 MP: 2/2
   396 | D:1      | Reached skill level 3 in Dodging
  1102 | D:2      | Found a shadowy altar of Dithmenos.
  1290 | D:2      | Gained mutation: When hurt, damage is shared between your health and your magic reserves. [demonic ancestry]
  1290 | D:2      | Reached XP level 3. HP: 27/27 MP: 3/3
  1691 | D:3      | Reached skill level 1 in Armour
  1891 | D:3      | Found a glowing drain.
  1911 | D:3      | Gained mutation: You have large cloven feet. [demonic ancestry]
  1911 | D:3      | Reached XP level 4. HP: 27/34 MP: 4/4
  1927 | Sewer    | Entered a sewer
  2548 | D:3      | Gained mutation: You have sharp fingernails. [demonic ancestry]
  2548 | D:3      | Reached XP level 5. HP: 35/39 MP: 3/5
  3062 | D:3      | You fall through a shaft!
  3173 | D:6      | Found a staircase to the Ecumenical Temple.
  3298 | D:6      | Reached skill level 4 in Dodging
  3298 | D:6      | Gained mutation: You regenerate magic rapidly. [demonic ancestry]
  3298 | D:6      | Reached XP level 6. HP: 33/47 MP: 1/6
  3508 | D:6      | Noticed a phantom
  3677 | D:6      | Found Xewattou's Armour Emporium.
  3856 | D:6      | Found Emicwuf's Gadget Boutique.
  3882 | D:6      | Noticed a komodo dragon
  3902 | D:6      | Killed a komodo dragon
  3902 | D:6      | Gained mutation: You have a pair of antennae on your head. [demonic ancestry]
  3902 | D:6      | Reached XP level 7. HP: 25/54 MP: 1/7
  4065 | D:6      | Killed a phantom
  4456 | D:6      | Reached skill level 5 in Dodging
  4524 | D:7      | Gained mutation: You have hoof-like feet. [demonic ancestry]
  4524 | D:7      | Reached XP level 8. HP: 56/61 MP: 6/8
  4629 | D:7      | Reached skill level 5 in Armour
  4691 | D:7      | HP: 2/61 [poisoned by a killer bee]
  4693 | D:7      | Succumbed to a killer bee's poison

Vault maps used:
D:1:      lemuel_arrival_behind_the_door_small
D:2:      nicolae_dithmenos_through_a_glass_darkly
D:3:      portal_sewer_entry_b
D:6:      minmay_temple_entry_mist, serial_shops, nicolae_shop_behind_doors,
          shop, grunt_ministairs_4
Sewer:    sewer_co_cracked_pipes

Action                   |  1- 3 |  4- 6 |  7- 9 || total
-------------------------+-------+-------+-------++-------
Melee: War axe           |   150 |   218 |    91 ||   459
  Use: Scroll            |     6 |     2 |     3 ||    11
       Potion            |     1 |     4 |     5 ||    10
  Eat: Bread ration      |     1 |     1 |       ||     2
       Pizza             |       |     1 |     1 ||     2
       Fruit             |       |     1 |       ||     1
       Meat ration       |       |       |     1 ||     1
